 Dungeon Crawl Stone Soup version 0.26-a0-1013-gf6ffb0d6bd (webtiles) character file.

Game seed: 9542802499124826626

401 lunkers the Ruffian (level 6, 0/51 HPs)
             Began as a Naga Transmuter on Dec 8, 2020.
             Killed from afar by an orc wizard (7 damage)
             ... with a magic dart
             ... on level 4 of the Dungeon.
             The game lasted 00:07:06 (4709 turns).

lunkers the Ruffian (Naga Transmuter)               Turns: 4709, Time: 00:07:07

Health: 0/51       AC:  2    Str: 13    XL:     6   Next: 85%
Magic:  5/9        EV: 19    Int: 14    God:
Gold:   160        SH:  0    Dex: 17    Spells: 6/9 levels left

rFire    . . .     SeeInvis +     - Unarmed
rCold    . . .     Faith    .   (shield currently unavailable)
rNeg     . . .     Spirit   .   (armour currently unavailable)
rPois    x         Reflect  .   (helmet currently unavailable)
rElec    .         Harm     .   (cloak currently unavailable)
rCorr    .         Rampage  .   (gloves currently unavailable)
Will     .....                  (no barding)
Stlth    ++........             k - amulet of inaccuracy (curse)
HPRegen  0.17/turn              (no ring)
MPRegen  0.11/turn              (no ring)

@: lethally poisoned (0 -> -1), spider-form (expiring)
A: tiny, see invisible, spit poison 1, AC +2
a: Spit Poison, End Transformation


You were on level 4 of the Dungeon.
You were a venomous arachnid creature.
You visited 1 branch of the dungeon, and saw 4 of its levels.

You collected 160 gold pieces.

Inventory:

Armour
 a - a +0 robe (melded)
Jewellery
 c - an uncursed amulet of guardian spirit {unknown}
 k - a cursed amulet of inaccuracy (around neck)
Wands
 g - a wand of polymorph (10)
 n - a wand of disintegration (8)
Scrolls
 b - a scroll of fear
 i - 4 scrolls of amnesia
 m - 2 scrolls of identify {unknown}
Potions
 d - a potion of heal wounds {unknown}
 e - a potion of attraction {unknown}
 f - a potion of magic {unknown}
 h - a potion of berserk rage {unknown}
 j - a potion of haste {unknown}
 l - a potion of ambrosia {unknown}


   Skills:
 - Level 1.0 Fighting
 - Level 1.5 Dodging
 + Level 5.6 Unarmed Combat
 - Level 2.0 Spellcasting
 + Level 5.1 Transmutations


You had 6 spell levels left.
You knew the following spells:

 Your Spells              Type           Power        Failure   Level
c - Spider Form           Tmut/Pois      #.........   45%         3

Your spell library contained the following spells:

 Spells                   Type           Power        Failure   Level
 Beastly Appendage        Tmut           ###...       10%         1
 Wereblood                Tmut           ###.....     13%         2
 Magic Dart               Conj           #...         45%         1
 Searing Ray              Conj           #.....       56%         2
 Dazzling Flash           Conj/Hex       #.....       77%         3
 Blade Hands              Tmut           ###.......   80%         5
 Ice Form                 Ice/Tmut       #.......     82%         4
 Fulminant Prism          Conj/Hex       #.........   98%         4
 Iskenderun's Mystic Bla  Conj/Tloc      #.......     98%         4


Dungeon Overview and Level Annotations

Branches:
Dungeon (4/15)
 Temple: D:4-7

Altars:
Xom


Innate Abilities, Weirdness & Mutations

You cannot wear boots.
((Your serpentine skin is tough. (AC +2)))
You have supernaturally acute eyesight. (SInv)
((Armour fits poorly on your strangely shaped body.))
((Your system is resistant to poisons. (rPois)))
((You cover ground very slowly.))
You can spit poison.


Message History

Pain shoots through your body!
* * * LOW HITPOINT WARNING * * *
The orc wizard points at you and mumbles some strange words.
You easily resist.
You bite the orc priest!
You kill the orc priest!
The orc wizard casts a spell at you. The puff of flame misses you.
You closely miss the orc wizard.
The orc wizard is heavily wounded.
You feel sick.
You closely miss the orc wizard.
The orc wizard is severely wounded.
Your transformation is almost over.
The orc wizard misses you.
You closely miss the orc wizard.
The orc wizard is severely wounded.
The orc wizard points at you and mumbles some strange words.
The magic dart hits you!
You die...

###+####### .......o))#
.......s#.# ....#.#.#o#
..#.#.#.#.# ### #.#.#.#..
#.. #.#.#.#.# ### #.#
#..<#.#######.#
#.#######..#.........#
###+#'#........#########.#
.........#####># #.#


You could see an orc wizard (invisible, poisoned).

Vanquished Creatures
  A howler monkey (D:4)
  4 orc wizards
  2 orc priests (D:4)
  A worker ant (D:4)
  8 adders
  5 worms
  3 dart slugs
  6 leopard geckos
  5 orcs (D:3)
  A ball python (D:2)
  6 bats
  3 giant cockroaches
  7 goblins
  5 hobgoblins
  10 kobolds
  2 quokkas
  4 frilled lizards
  4 rats
77 creatures vanquished.

Notes
Turn   | Place    | Note
-------+----------+-------------------------------------------
     0 | D:1      | lunkers the Naga Transmuter began the quest for the Orb.
     0 | D:1      | Reached XP level 1. HP: 18/18 MP: 3/3
   202 | D:1      | Reached XP level 2. HP: 25/25 MP: 5/5
   908 | D:2      | Reached XP level 3. HP: 20/31 MP: 4/6
   924 | D:2      | Learned a level 3 spell: Spider Form
  1829 | D:2      | Reached XP level 4. HP: 38/38 MP: 5/7
  2949 | D:3      | Reached XP level 5. HP: 39/44 MP: 5/8
  3408 | D:3      | HP: 2/44 [orc wizard/+0 dagger (2)]
  3742 | D:3      | Reached skill level 5 in Unarmed Combat
  3742 | D:3      | Reached XP level 6. HP: 38/51 MP: 6/9
  3962 | D:3      | Found a shimmering altar of Xom.
  4696 | D:4      | Reached skill level 5 in Transmutations
  4709 | D:4      | Killed from afar by an orc wizard

Illustrated notes

Levels and vault maps discovered:
D:1:      mainiacjoe_arrival_reflecting_pool, layout_rooms, interstate_on_off
D:2:      layout_basic
D:3:      layout_loops_cross, lemuel_crystal_altar
D:4:      layout_basic, nemelex_xobeh_ov_fountains_minmay,
          gammafunk_temple_overflow_pools, minmay_temple_entry_glassed_door,
          serial_shops, shop

Skill      XL: |  1  2  3  4  5  6 |
---------------+-------------------+-----
Transmutations | 3 4 5 |  5.1
Unarmed Combat | 4 5 |  5.6
Fighting       | |  1.0
Dodging        | |  1.5
Spellcasting   | |  2.0

Action                   |  1- 3 |  4- 6 || total
-------------------------+-------+-------++-------
Melee: Unarmed           |    84 |   203 ||   287
       Headbutt          |     4 |     2 ||     6
       Punch             |       |     4 ||     4
 Cast: Beastly Appendage |    15 |     1 ||    16
       Spider Form       |       |    14 ||    14
 Abil: Spit Poison       |    23 |    24 ||    47
  Use: Scroll            |       |     3 ||     3
Armor: Robe              |    15 |    19 ||    34
       Skin              |       |     3 ||     3
Dodge: Dodged            |    57 |   128 ||   185

Table legend: (Time is in decaauts)
 A = Elapsed time spent in this place.
 B = Non-inter-level travel time spent in this place.
 C = Inter-level travel time spent in this place.
 D = Time resting spent in this place.
 E = Time spent auto-exploring this place.
 F = Levels seen in this place.
 G = Mean time per level.
                   A        B        C        D        E       F      G
               +--------+--------+--------+--------+--------+-----+--------+
         Total |   5382 |   5307 |     75 |    493 |   4092 |   4 | 1345.5 |
       Dungeon |   5382 |   5307 |     75 |    493 |   4092 |   4 | 1345.5 |
               +--------+--------+--------+--------+--------+-----+--------+

Top non-repeatable levels by time:
     D:2: 2635 daAuts
     D:3: 1404 daAuts
     D:1: 1007 daAuts
     D:4: 335 daAuts
